[Event "*** SCC Grand Prix: Titled Tuesday Blitz"]
[Site "Chess.com"]
[Date "2020.06.02"]
[Round "3"]
[White "Philosopherrr"]
[Black "Twitch_ElhamBlitz05"]
[Result "1-0"]
[WhiteElo "2511"]
[BlackElo "2673"]
[TimeControl "180+1"]
[EndTime "10:28:56 PDT"]
[Termination "Philosopherrr won by resignation"]

1. e4 c6 2. d4 d5 3. exd5 cxd5 4.
c4 Nf6 5. Nc3 g6 6. Bg5 dxc4 7.
Bxc4 Bg7 8. Nf3 O-O 9. h3 Nbd7 10. Bb3 b6 11. Qe2 Bb7 12. O-O Rc8 13. Rfe1 e6 14. Rad1 a6 15. Ne5 Qe8 16. Nc4 Qe7 17. d5 e5 18. d6 Qe8 19. Nxe5 Nxe5 20. Qxe5 Qc6 21. Nd5 Rfe8 22. Nxf6+ Bxf6 23. Qxe8+ Rxe8 24. Rxe8+ Qxe8 25. d7 Qe4 26. f3 Bxg5 27. fxe4 Bd8 28. Bd5 Bxd5 29.
Rxd5 Kf8 30. Kf1 Ke7 31. Ke2 b5 32. b3 Bc7 33. a4 Kd8 34. axb5 axb5 35. g4 b4 36. Kd3 Bg3 37. Kc4 Be1 38. Kc5 Bc3 39. Kc6 h6 40. Rb5 1-0

[Event "*** SCC Grand Prix: Titled Tuesday Blitz"]
[Site "Chess.com"]
[Date "2020.06.02"]
[Round "3"]
[White "Loiacono_Antonio"]
[Black "EvgenyRomanov"]
[Result "0-1"]
[WhiteElo "2413"]
[BlackElo "2653"]
[TimeControl "180+1"]
[EndTime "10:28:56 PDT"]
[Termination "EvgenyRomanov won by resignation"]

1. e4 e6 2. d4 d5 3. Nc3 Bb4 4. Ne2 dxe4 5. a3 Be7 6. Nxe4 Nc6 7. Be3 Nf6 8. Nxf6+ Bxf6 9. c3 O-O 10.
Ng3 e5 11. d5 Ne7 12. c4 Ng6 13. Bd3 e4 14. Nxe4 Bxb2 15. Ra2 Be5 16. O-O Bf4 17. Re2 Bg4 18. f3 Bd7 19. Bf2 b6 20.
Qc2 c6 21. dxc6 Bxc6 22. c5 Ne5 23. Ba6 b5 24. Nd6 Qa5 25. Bb7 Bxb7 26. Nxb7 Qc7 27. Nd6 a6 28. Re4 Nxf3+ 29. gxf3 Bxd6 30. Rh4 g6 31. Qc1 Be5 32. Qh6 f5 33. Re1 Rfe8 34. Kf1 Bf6 35. Rxe8+ Rxe8 36. Rh3 Qd7 37. Kg2 Re2 38.
Rg3 Bd4 0-1

[Event "*** SCC Grand Prix: Titled Tuesday Blitz"]
[Site "Chess.com"]
[Date "2020.06.02"]
[Round "3"]
[White "Siniauski"]
[Black "northridgehawk"]
[Result "1-0"]
[WhiteElo "2503"]
[BlackElo "2277"]
[TimeControl "180+1"]
[EndTime "10:28:56 PDT"]
[Termination "Siniauski won on time"]

1. e4 e5 2. Nf3 Nc6 3. Bb5 a6 4. Ba4 b5 5. Bb3 Nf6 6. O-O Bc5 7. Re1 d6 8. h3 h6 9. c3 Bb6 10. a4 Rb8 11. d3 O-O 12. Nbd2 Be6 13. Nf1 Re8 14.
Ng3 d5 15. Bc2 d4 16. Qe2 Qd7 17. Nh2 dxc3 18. bxc3 b4 19. cxb4 Nxb4 20. Bb1 Bd4 21. Ra3 c5 22. Qf3 Nc6 23. Bxh6 Rb2 24. Be3 Reb8 25.
Ra1 R8b3 26. Ba2 Rxd3 27. Bxe6 Qxe6 28. Nf5 g6 29. Nh6+ Kg7 30. N6g4 Nh5 31. Bh6+ Kh7 32. Qxd3 f5 33. exf5 gxf5 34. Nf3 Kg8 35. Nxd4 Nxd4 36. Rxe5 Qg6 37. Rae1 1-0

[Event "*** SCC Grand Prix: Titled Tuesday Blitz"]
[Site "Chess.com"]
[Date "2020.06.02"]
[Round "3"]
[White "LionTheLeon_06"]
[Black "oneshot007"]
[Result "1-0"]
[WhiteElo "2690"]
[BlackElo "2421"]
[TimeControl "180+1"]
[EndTime "10:28:57 PDT"]
[Termination "LionTheLeon_06 won on time"]

1. d4 g6 2. c4 Nf6 3. Nc3 Bg7 4. e4 d6 5. h3 O-O 6. Be3 Na6 7. Nf3 c5 8. g3 cxd4 9. Nxd4 Nc5 10. Bg2 Nfd7 11. O-O Ne5 12. b3 Qa5 13. Nd5 Qd8 14. Qd2 Nc6 15. Rfe1 Ne6 16. Nxc6 bxc6 17. Nc3 Qa5 18.
Rac1 Qh5 19. f4 Qa5 20. Bf2 Rd8 21. f5 gxf5 22. exf5 Qxf5 23. Bxc6 Rb8 24. g4 Qa5 25. Bg2 Bb7 26. Bxb7 Rxb7 27. Qd3 Qg5 28. Qf3 Rbb8 29.
Be3 Qh4 30. Bf2 Qg5 31. Nd5 Re8 32. Be3 Qh4 33. Rf1 Rf8 34. Rcd1 Be5 35. Bf2 Qg5 36. h4 Qg7 37. Nxe7+ Kh8 38. Nf5 Qg6 39. h5 1-0

[Event "*** SCC Grand Prix: Titled Tuesday Blitz"]
[Site "Chess.com"]
[Date "2020.06.02"]
[Round "3"]
[White "vanyakuba"]
[Black "gemarin"]
[Result "1-0"]
[WhiteElo "2457"]
[BlackElo "2005"]
[TimeControl "180+1"]
[EndTime "10:28:57 PDT"]
[Termination "vanyakuba won on time"]

1. e4 c5 2. c3 d5 3. exd5 Qxd5 4. d4 Nf6 5. Nf3 Bg4 6. Be2 e6 7. h3 Bh5 8. O-O Nc6 9. a3 cxd4 10. cxd4 Be7 11.
Nc3 Qd8 12. Be3 O-O 13. Qb3 Na5 14. Qa4 b6 15. b4 Nb7 16. Rac1 Nd6 17. Rfd1 a5 18.
b5 Nde4 19. Nxe4 Nxe4 20. g4 Bg6 21. Ne5 Bf6 22. Bf3 Qd5 23. Nxg6 fxg6 24. Qc2 Qxb5 25. Qxe4 Rae8 26. d5 Qb3 27. dxe6 Bb2 28. Qd5 Qxd5 29.
Bxd5 Bxc1 30. e7+ Rf7 31. Rxc1 h6 32. Bxb6 a4 33. Bd8 g5 34. Rc3 g6 35. Rf3 1-0

[Event "*** SCC Grand Prix: Titled Tuesday Blitz"]
[Site "Chess.com"]
[Date "2020.06.02"]
[Round "3"]
[White "Mr_Sinigami"]
[Black "Parhamov"]
[Result "0-1"]
[WhiteElo "2594"]
[BlackElo "3078"]
[TimeControl "180+1"]
[EndTime "10:28:58 PDT"]
[Termination "Parhamov won on time"]

1. Nf3 d5 2. e3 Nf6 3. c4 e6 4. b3 Be7 5. Bb2 O-O 6. Nc3 c5 7. cxd5 exd5 8. d4 Nc6 9. Be2 Bg4 10. dxc5 Bxc5 11. O-O Rc8 12. Rc1 Bd6 13. Nb5 Bb8 14. Nbd4 Ne4 15. Nxc6 bxc6 16. Ne5 Bxe2 17. Qxe2 Qd6 18.
g3 Qe6 19. Nd3 c5 20. f3 c4 21. bxc4 dxc4 22. fxe4 cxd3 23. Qxd3 Rxc1 24. Rxc1 h5 25.
Qd4 Qg4 26. e5 Qe6 27. a3 Re8 28. Rd1 Qb3 29. Rd3 Qe6 30. Rd1 h4 31. Qxh4 Bxe5 32.
Bxe5 Qxe5 33. Qf4 Qc3 34. a4 a5 35. Rf1 Rf8 36. Qe4 Rd8 37. Qf4 f6 38. Rf2 Qc6 39.
g4 Rd1+ 40. Rf1 Rd2 41. Rf2 Rd3 42. Rf1 Ra3 43. g5 Rxa4 44. Qf5 Ra2 45. Rf2 Ra1+ 46. Rf1 Rxf1+ 47. Kxf1 Qh1+ 48. Kf2 Qxh2+ 49. Kf3 Qh5+ 50. Kf2 Qxg5 51. Qe6+ Kh7 52. Qh3+ Kg6 53. Qd7 Qf5+ 54. Qxf5+ Kxf5 55. Kf3 Ke5 56. e4 a4 57. Ke3 a3 58.
Kd3 a2 59. Kc2 a1=Q 0-1

[Event "*** SCC Grand Prix: Titled Tuesday Blitz"]
[Site "Chess.com"]
[Date "2020.06.02"]
[Round "3"]
[White "quesfr"]
[Black "Malysch"]
[Result "0-1"]
[WhiteElo "2265"]
[BlackElo "2499"]
[TimeControl "180+1"]
[EndTime "10:28:58 PDT"]
[Termination "Malysch won by resignation"]

1. e4 d5 2. exd5 Qxd5 3. Nc3 Qd6 4. d4 Nf6 5. Nf3 a6 6. Bd3 Nc6 7. O-O Bg4 8. Ne4 Qd7 9. c3 e6 10. Re1 Be7 11. h3 Bh5 12. Ng3 Bg6 13. Bf4 Nd5 14. Bg5 O-O-O 15. Bd2 Bxd3 16. b4 Bf6 17. a4 Nce7 18.
b5 a5 19. c4 Bxc4 20. Bxa5 Nf5 21. Ne4 Nf4 22. Qc1 Ne2+ 23. Rxe2 Bxe2 24. Nc5 Qd5 25. Nxe6 Rd7 26. Nxc7 Qc4 27. Qf4 Nxd4 28. Nxd4 Qxd4 29. Qxd4 Bxd4 30. Rc1 Kb8 31. b6 Rc8 32. Re1 Bc4 33.
Nb5 Bxb5 34. axb5 Rd5 35. Bd2 Rxb5 36. Bf4+ Ka8 37. Re4 Bxb6 38. Ra4+ Ra5 39. Rb4 Bc7 40. Be3 Ra1+ 0-1

[Event "*** SCC Grand Prix: Titled Tuesday Blitz"]
[Site "Chess.com"]
[Date "2020.06.02"]
[Round "3"]
[White "carlesdc96"]
[Black "Haykoooo0o"]
[Result "1-0"]
[WhiteElo "2765"]
[BlackElo "2560"]
[TimeControl "180+1"]
[EndTime "10:28:59 PDT"]
[Termination "carlesdc96 won by resignation"]

1. e4 e5 2. Nf3 Nc6 3. Bb5 Nf6 4. d3 Bc5 5. Bxc6 dxc6 6. Nbd2 Bd6 7. O-O Bg4 8. h3 Bh5 9. Re1 Qe7 10. Nf1 O-O-O 11. Ng3 Bg6 12. Be3 c5 13. Nd2 h5 14. Qf3 Qd7 15.
Bg5 h4 16. Ne2 Bh5 17. Qe3 Rdg8 18. b4 Qc6 19. Nc4 Nd7 20. b5 Qxb5 21. Nc3 Qc6 22. Reb1 b6 23. Nb5 Kb8 24. a4 f6 25. Bxh4 Bf7 26. Bg3 Bxc4 27. dxc4 g5 28. a5 Nf8 29.
axb6 axb6 30. Qa3 Qb7 31. Qd3 Be7 32. Ra7 Qxa7 33. Nxa7 Kxa7 34. Ra1+ Kb7 35. Qd5+ c6 36.
Qf7 Ng6 37. Rd1 Kc7 38. Qe6 Rd8 39. Rxd8 Kxd8 40. Qxc6 Nf4 41. Bxf4 gxf4 42. Qa8+ Kd7 43. Qxh8 1-0

[Event "*** SCC Grand Prix: Titled Tuesday Blitz"]
[Site "Chess.com"]
[Date "2020.06.02"]
[Round "3"]
[White "Virgo15"]
[Black "KaterinaMiroshnik"]
[Result "1-0"]
[WhiteElo "2742"]
[BlackElo "2433"]
[TimeControl "180+1"]
[EndTime "10:28:59 PDT"]
[Termination "Virgo15 won by resignation"]

1. d4 d6 2. Nf3 Nd7 3. e4 e5 4.
c3 Ngf6 5. Bc4 Be7 6. O-O O-O 7. Re1 c6 8. Bg5 Qc7 9. Bh4 a6 10. a4 b6 11. Nbd2 Bb7 12. Nf1 Rae8 13. Ng3 b5 14. Bb3 c5 15. d5 c4 16. Bc2 Nc5 17. axb5 axb5 18. Nf5 Bd8 19. Nd2 g6 20. Ne3 Nh5 21.
Bxd8 Rxd8 22. Qf3 Nf4 23. g3 Nfd3 24. Reb1 Bc8 25. b4 cxb3 26. Nxb3 Nxb3 27. Rxb3 Nc5 28.
Rxb5 f5 29. exf5 e4 30. Bxe4 Nxe4 31. Qxe4 gxf5 32. Qd4 Rf7 33. Ng2 Re8 34. Nf4 Rfe7 35. Nh5 Re1+ 36. Rxe1 Rxe1+ 37. Kg2 Ba6 38. Qd2 Bxb5 39.
Qxe1 Qf7 40. Nf4 Bc4 41. Qd2 Qe7 42. Qd4 Bb3 43. Ne6 Qb7 44. c4 Bc2 45. Qf6 1-0

[Event "*** SCC Grand Prix: Titled Tuesday Blitz"]
[Site "Chess.com"]
[Date "2020.06.02"]
[Round "3"]
[White "JulAnt"]
[Black "Norival"]
[Result "0-1"]
[WhiteElo "2398"]
[BlackElo "2627"]
[TimeControl "180+1"]
[EndTime "10:29:00 PDT"]
[Termination "Norival won by resignation"]

1. e4 c5 2. Nf3 Nc6 3. d4 cxd4 4. Nxd4 Qc7 5. Nc3 e6 6. Be2 a6 7.
O-O b5 8. a4 b4 9. Na2 Bb7 10.
c3 Nf6 11. Nxc6 Qxc6 12. Nxb4 Bxb4 13. cxb4 Qxe4 14. Bf3 Qxb4 15. Bd2 Bxf3 16. Qxf3 Qe4 17. Qa3 Qb7 18. Bb4 Nd5 19. Bd6 f6 20. Rfb1 Kf7 21. b4 Rhc8 22. Qg3 Rc4 23. h3 h6 24. Qd3 Rc3 25. Qd2 Rac8 26. b5 axb5 27. axb5 Rc2 28. Qd4 R8c4 29. Qa7 Qb6 30. Qxb6 Nxb6 31. Ra7 Rc1+ 32.
Rxc1 Rxc1+ 33. Kh2 e5 34. Rb7 Nc4 35. Bb4 Ke6 36. Rc7 d5 37. b6 Rb1 38. Bc5 g5 39. b7 Na5 40. Re7+ Kf5 41. Rh7 Nxb7 42. Rxh6 Nxc5 43. g4+ Ke6 0-1

[Event "*** SCC Grand Prix: Titled Tuesday Blitz"]
[Site "Chess.com"]
[Date "2020.06.02"]
[Round "3"]
[White "Galileo22"]
[Black "DenisQ"]
[Result "0-1"]
[WhiteElo "2367"]
[BlackElo "2568"]
[TimeControl "180+1"]
[EndTime "10:29:00 PDT"]
[Termination "DenisQ won by resignation"]

1. d4 d5 2. c4 c6 3. Nf3 Nf6 4. Nc3 e6 5. Bg5 h6 6. Bxf6 Qxf6 7. e3 Nd7 8. Bd3 g6 9. O-O dxc4 10. Bxc4 Bg7 11.
Qc2 O-O 12. Rfd1 b6 13. Ne4 Qe7 14. Bb3 Bb7 15. Rac1 Rac8 16. Nc3 Rfd8 17. a3 c5 18. d5 c4 19. Ba2 Ne5 20. Nxe5 Bxe5 21. e4 Bxc3 22. Qxc3 exd5 23. exd5 Bxd5 24. Bb1 Be6 25. Re1 Qg5 26. Rcd1 Rxd1 27. Rxd1 Rd8 28. Rxd8+ Qxd8 29. Bc2 Qg5 30. Qe1 Qf6 31. Qc3 Qxc3 32. bxc3 g5 33. f3 Kg7 34. Kf2 Kf6 35. Ke3 Ke5 36. g3 Bf5 37.
f4+ gxf4+ 38. gxf4+ Ke6 39. Ba4 Kd5 40. Be8 f6 41.
Bf7+ Kc5 42. Be8 b5 43. Kf3 a5 44. Ke3 Bd3 45. Kd2 Bf5 46. Bf7 b4 47. axb4+ axb4 48. cxb4+ Kxb4 49. Bd5 c3+ 50. Kc1 Kc5 51. Bf7 Kd4 52.
Be8 Ke3 53. Bc6 Kxf4 54. Kd1 Ke3 55. Kc1 Bd3 56. Kd1 f5 57. Kc1 f4 58. Kd1 0-1

[Event "*** SCC Grand Prix: Titled Tuesday Blitz"]
[Site "Chess.com"]
[Date "2020.06.02"]
[Round "3"]
[White "MathiasWomacka"]
[Black "Tayson_7"]
[Result "0-1"]
[WhiteElo "2387"]
[BlackElo "2596"]
[TimeControl "180+1"]
[EndTime "10:29:01 PDT"]
[Termination "Tayson_7 won by resignation"]

1. e4 e5 2. Nf3 Nc6 3. Bb5 a6 4. Bxc6 dxc6 5. O-O f6 6. d4 exd4 7. Nxd4 c5 8. Ne2 Qxd1 9. Rxd1 Bd7 10. Nbc3 O-O-O 11. Be3 Bc6 12. Rxd8+ Kxd8 13. Rd1+ Kc8 14. Nf4 Bd7 15.
Nfd5 g5 16. e5 fxe5 17. Bxg5 h6 18. Bh4 h5 19. Ne4 Rh6 20. Ndf6 Nxf6 21. Nxf6 Bc6 22. Ne4 Bd6 23. Nxd6+ cxd6 24. f3 Kd7 25. Kf2 Ke6 26.
Bg5 Rg6 27. h4 Rg8 28. g4 Rf8 29. Rd3 hxg4 30. h5 Rf5 31. Bd8 Rxh5 32. fxg4 Rh2+ 33. Kg3 Rxc2 34. Bc7 d5 35. Re3 e4 36. b4 d4 37. Re1 cxb4 38. Bb6 d3 39. Kf4 Rxa2 40. g5 d2 41. Rd1 Ba4 0-1

[Event "*** SCC Grand Prix: Titled Tuesday Blitz"]
[Site "Chess.com"]
[Date "2020.06.02"]
[Round "3"]
[White "abhidabhi"]
[Black "Vesper2018"]
[Result "1-0"]
[WhiteElo "2721"]
[BlackElo "2352"]
[TimeControl "180+1"]
[EndTime "10:29:02 PDT"]
[Termination "abhidabhi won on time"]

1. Nf3 Nf6 2. g3 g6 3. b3 Bg7 4. Bb2 c5 5. c4 d6 6. Bg2 e5 7. d3 Nc6 8. O-O O-O 9. Nc3 h6 10.
a3 Be6 11. Nd2 Qd7 12. Nde4 Ne8 13. Nd5 Bh3 14. b4 Bxg2 15. Kxg2 f5 16. Nec3 b6 17. b5 Nd4 18. e3 Ne6 19. f4 N8c7 20. Qd2 Nxd5 21. Nxd5 Nc7 22. fxe5 dxe5 23. e4 Nxd5 24. exd5 g5 25. Rae1 Rae8 26. Qe2 e4 27. Bxg7 Qxg7 28. dxe4 Rxe4 29. Qc2 Rfe8 30. Rxe4 fxe4 31. Qe2 e3 32. Rd1 Qe5 33. d6 Rd8 34. Rd3 Rxd6 35. Rxe3 Qf6 36.
Re8+ Kf7 37. Ra8 Re6 38. Rxa7+ Kg8 39. Qd3 Kf8 40. Ra8+ Kg7 41. Ra7+ Kf8 42. a4 Qb2+ 43. Kh3 1-0

[Event "*** SCC Grand Prix: Titled Tuesday Blitz"]
[Site "Chess.com"]
[Date "2020.06.02"]
[Round "3"]
[White "wild_cat99"]
[Black "frankshar"]
[Result "1-0"]
[WhiteElo "2574"]
[BlackElo "2371"]
[TimeControl "180+1"]
[EndTime "10:29:02 PDT"]
[Termination "wild_cat99 won on time"]

1. Nf3 Nf6 2. c4 e6 3. e3 d5 4. b3 c5 5. Bb2 Nc6 6. cxd5 exd5 7. d4 Be7 8. Be2 O-O 9. O-O Bg4 10. Nbd2 Re8 11. Rc1 cxd4 12. Nxd4 Bxe2 13. Qxe2 Rc8 14. Rfd1 Bd6 15. Nf5 Be5 16. Bxe5 Rxe5 17. Qf3 Qf8 18. Qf4 Rce8 19. Nf3 Re4 20. Qd6 R8e6 21. Qxf8+ Kxf8 22. Ng5 Rb4 23. Nxe6+ fxe6 24. Nd6 Ne4 25.
Nxb7 Ne5 26. Rc8+ Ke7 27. Rc7+ Kf6 28. Nc5 Nc3 29. Rf1 Nb5 30. Rb7 Nc6 31. a4 Nc3 32.
Rxb4 Nxb4 33. f4 Ke7 34. Kf2 Kd6 35. Nb7+ Kc7 36. Nc5 Kd6 37. Rc1 Nba2 38. Rxc3 Nxc3 39. Nd3 Ne4+ 40. Ke1 g6 41. Kd1 1-0

[Event "*** SCC Grand Prix: Titled Tuesday Blitz"]
[Site "Chess.com"]
[Date "2020.06.02"]
[Round "3"]
[White "gena217"]
[Black "Pomegranate988"]
[Result "1-0"]
[WhiteElo "2846"]
[BlackElo "2549"]
[TimeControl "180+1"]
[EndTime "10:29:03 PDT"]
[Termination "gena217 won by checkmate"]

1. e4 c6 2. d4 d5 3. e5 Bf5 4. h4 h5 5. Bg5 Qb6 6. Bd3 Qxd4 7. Nf3 Qg4 8. Bxf5 Qxf5 9. O-O e6 10. c4 Nd7 11.
cxd5 cxd5 12. Nc3 a6 13. Rc1 Ne7 14. Nd4 Qxe5 15. Re1 Qb8 16. Qf3 Ne5 17. Qe2 N5c6 18. Nxe6 fxe6 19. Qxe6 Qc8 20. Qg6+ Kd7 21. Qe6+ Ke8 22.
Qg6+ Kd7 23. Qe6+ Ke8 24. Qe2 Qf5 25. Rcd1 Rd8 26. Rd3 d4 27. Rf3 Qg6 28. Rxf8+ Rxf8 29. Bxe7 dxc3 30. Bf6+ Kf7 31. Qe6# 1-0

[Event "*** SCC Grand Prix: Titled Tuesday Blitz"]
[Site "Chess.com"]
[Date "2020.06.02"]
[Round "3"]
[White "VitaliyBernadskiy"]
[Black "GOGIEFF"]
[Result "0-1"]
[WhiteElo "2681"]
[BlackElo "2961"]
[TimeControl "180+1"]
[EndTime "10:29:04 PDT"]
[Termination "GOGIEFF won by resignation"]

1. e4 c5 2. Nc3 Nc6 3. Nf3 d6 4. d4 cxd4 5. Nxd4 Nf6 6. Bg5 e6 7.
Qd3 a6 8. Nxc6 bxc6 9. O-O-O Be7 10. Bxf6 gxf6 11. f4 Rb8 12. Qd4 Qb6 13. Qxb6 Rxb6 14. Bc4 Rg8 15. g3 h5 16. Rhg1 Kf8 17. Bb3 h4 18.
Na4 Rb8 19. c4 hxg3 20. hxg3 e5 21. f5 Rg4 22. Nc3 Kg7 23. Rd2 Bb7 24. Bd1 Rg5 25. g4 Rh8 26. Rgg2 Kf8 27. Rh2 Rgg8 28. b4 d5 29. c5 d4 30. Na4 Kg7 31. Nb6 a5 32. a3 axb4 33. axb4 Ba6 34. Bb3 d3 35. Bc4 Bxc4 36. Nxc4 Rxh2 37. Rxh2 Rb8 38. Nb6 Bd8 39. Rb2 Bxb6 40. cxb6 Rxb6 41. Kd2 Kh6 42. Kxd3 Kg5 43. Kc4 Kxg4 44. Kc5 Ra6 45. Rd2 Kf4 46. Rd6 Kxe4 47. Rxf6 Ra7 48. Kxc6 Ra6+ 0-1

[Event "*** SCC Grand Prix: Titled Tuesday Blitz"]
[Site "Chess.com"]
[Date "2020.06.02"]
[Round "3"]
[White "Ali_rastbod"]
[Black "Sanan_Sjugirov"]
[Result "0-1"]
[WhiteElo "2649"]
[BlackElo "2900"]
[TimeControl "180+1"]
[EndTime "10:29:04 PDT"]
[Termination "Sanan_Sjugirov won by resignation"]

1. c4 Nf6 2. Nf3 g6 3. b3 Bg7 4. Bb2 O-O 5. g3 d6 6. d4 c5 7.
Bg2 Qa5+ 8. Nc3 Ne4 9. Rc1 Nc6 10.
O-O Bf5 11. Nh4 Bxd4 12. Nxf5 gxf5 13. Bxe4 fxe4 14. e3 Bg7 15. Qd5 Qd8 16. Qxe4 f5 17.
Qe6+ Kh8 18. f4 Nb4 19. a3 Rf6 20. Qxf6 Bxf6 21. axb4 cxb4 22. Nd1 Bxb2 23. Nxb2 Qa5 24. Ra1 Qc5 25. Kf2 a5 26. Rfd1 e6 27. Rd2 Kg7 28.
Rad1 Ra6 29. Na4 Qc7 30. c5 d5 31. Nb2 Qxc5 32. Nd3 Qc3 33. Ke2 Qxb3 34. Ne5 Rc6 35.
Nxc6 bxc6 36. Rd3 Qa4 37. Kf2 Qb5 38. Rd4 c5 39. R4d2 c4 40. g4 c3 41. Rxd5 exd5 0-1

[Event "*** SCC Grand Prix: Titled Tuesday Blitz"]
[Site "Chess.com"]
[Date "2020.06.02"]
[Round "3"]
[White "chessablanca"]
[Black "Aygehovit1992"]
[Result "0-1"]
[WhiteElo "2437"]
[BlackElo "2725"]
[TimeControl "180+1"]
[EndTime "10:29:04 PDT"]
[Termination "Aygehovit1992 won by checkmate"]

1. Nf3 g6 2. g3 Bg7 3. Bg2 e5 4.
O-O d5 5. d3 Nc6 6. c4 d4 7.
Nbd2 Nge7 8. Rb1 a5 9. a3 a4 10.
b4 axb3 11. Nxb3 O-O 12. e3 dxe3 13. fxe3 b6 14. Bb2 Bf5 15. Ne1 Qd7 16. Qe2 Rfd8 17. Rd1 Bg4 18. Bf3 Bxf3 19. Nxf3 Qg4 20. Qf2 e4 21.
Bxg7 Kxg7 22. Nfd2 f5 23. dxe4 Rxa3 24. exf5 Qxf5 25.
Qe2 Qd3 26. Qf3 Qf5 27. Qg2 Qe6 28. Nc1 Rxe3 29. Kh1 Nf5 30. g4 Nh4 31. Qf2 g5 32. Rfe1 Rxe1+ 33. Rxe1 Qxg4 34. Rg1 Rxd2 35. Rxg4 Rxf2 36.
Rxg5+ Kf6 37. Rg1 Nf3 38. Rd1 Rxh2# 0-1

[Event "*** SCC Grand Prix: Titled Tuesday Blitz"]
[Site "Chess.com"]
[Date "2020.06.02"]
[Round "3"]
[White "tsaruk_maks"]
[Black "OhanyanEminChess"]
[Result "0-1"]
[WhiteElo "2619"]
[BlackElo "2420"]
[TimeControl "180+1"]
[EndTime "10:29:04 PDT"]
[Termination "OhanyanEminChess won by resignation"]

1. e4 e5 2. Nf3 Nc6 3. Bb5 f5 4. d3 fxe4 5. dxe4 Nf6 6. Nc3 Bb4 7.
O-O Bxc3 8. bxc3 d6 9. Nd2 O-O 10. Bd3 Ng4 11. h3 Nh6 12. c4 Be6 13. Nb3 Nf7 14.
c5 d5 15. exd5 Qxd5 16. Bb2 Rad8 17. Qh5 g6 18. Qe2 Bf5 19. Bc4 Qe4 20. Qxe4 Bxe4 21. Rac1 Bd5 22. Be2 Be6 23. a3 Bxb3 24. cxb3 Rd2 25.
Bf3 Rxb2 26. b4 Nd4 27. Rcd1 Nxf3+ 28. gxf3 Ng5 29. Rd7 Rf7 30. Rfd1 Nxh3+ 31. Kg2 Nxf2 32. Rd8+ Rf8 33. R1d7 c6 34. Rxf8+ Kxf8 35. Rxh7 a5 36. Rxb7 axb4 37. axb4 Nd3+ 38. Kg3 Rxb4 39. Rc7 Rc4 40. Rxc6 Kg7 41. Rc7+ Kh6 42. c6 Nb4 43. Rd7 Nxc6 44. Rd6 Nd4 45. Kg2 Nf5 46. Re6 Rc5 47. Kh3 Kg5 48. Kg2 Kf4 49. Kf2 Rc2+ 50. Ke1 g5 51.
Kd1 Rf2 52. Ra6 Rxf3 53. Ra4+ e4 54. Ra8 g4 55. Rg8 g3 56. Ke1 Rf2 57. Rf8 Ra2 58. Rg8 Ke3 59. Kf1 Kf3 0-1

[Event "*** SCC Grand Prix: Titled Tuesday Blitz"]
[Site "Chess.com"]
[Date "2020.06.02"]
[Round "3"]
[White "TregubovP"]
[Black "colegiodemadrid"]
[Result "0-1"]
[WhiteElo "2557"]
[BlackElo "2386"]
[TimeControl "180+1"]
[EndTime "10:29:04 PDT"]
[Termination "colegiodemadrid won by resignation"]

1. e4 e5 2. Nf3 Nc6 3. Bb5 g6 4.
d4 exd4 5. Bg5 Be7 6. Bxe7 Qxe7 7. O-O Qc5 8. Bxc6 dxc6 9. Nxd4 Bd7 10. Nb3 Qe5 11.
Nc3 O-O-O 12. Qf3 Nf6 13. h3 Nh5 14. Qe3 Kb8 15. f4 Qe7 16. Rad1 Ng7 17. Nc5 Bc8 18.
Rd3 Rxd3 19. Nxd3 Rd8 20. Re1 b6 21. Ne5 Bb7 22. Rd1 Rxd1+ 23. Nxd1 f6 24. Nf3 c5 25. Nc3 a6 26. Qd3 Ne6 27. g3 Qd6 28. Kf2 Nd4 29. Ne2 Nxf3 30. Kxf3 f5 31. Nc3 Qe6 32. Qd8+ Ka7 33. Qxc7 fxe4+ 34. Ke3 Qxh3 35. f5 Qxf5 36. Ne2 Qf3+ 37. Kd2 e3+ 38. Kd3 Qe4+ 39. Kc3 Qb4+ 40. Kd3 Qxb2 41. Kxe3 Qxc2 42. Qxh7 Qe4+ 43. Kd2 c4 44. Nc3 Qd3+ 0-1

[Event "*** SCC Grand Prix: Titled Tuesday Blitz"]
[Site "Chess.com"]
[Date "2020.06.02"]
[Round "3"]
[White "fischercapa"]
[Black "AleksanderHnydiuk"]
[Result "0-1"]
[WhiteElo "2364"]
[BlackElo "2565"]
[TimeControl "180+1"]
[EndTime "10:29:04 PDT"]
[Termination "AleksanderHnydiuk won on time"]

1. e4 c5 2. Nf3 e6 3. d4 cxd4 4. Nxd4 Nc6 5. Nc3 a6 6. g3 d6 7. Bg2 Bd7 8. O-O Nf6 9. a4 Be7 10. Nb3 Na5 11. h3 O-O 12. f4 Nxb3 13. cxb3 Bc6 14. Kh2 d5 15. e5 Nd7 16. Be3 Qa5 17.
Ne2 Rac8 18. Nd4 Bc5 19. Qd3 Rfe8 20. Rfc1 Qb6 21. a5 Qa7 22. b4 Bxd4 23. Bxd4 Qb8 24.
Qe3 Bb5 25. Rc3 Rxc3 26. bxc3 Qc7 27. h4 Qc4 28. Bh3 Nb8 29. Bf1 Qc6 30. Bg2 Nd7 31. g4 Qc4 32. Bf1 Qc6 33. Bg2 f6 34. exf6 Nxf6 35. Re1 Nxg4+ 36. Kg3 Nxe3 37. Rxe3 Qc4 0-1

[Event "*** SCC Grand Prix: Titled Tuesday Blitz"]
[Site "Chess.com"]
[Date "2020.06.02"]
[Round "3"]
[White "Azatic"]
[Black "PowerThinking2650"]
[Result "1-0"]
[WhiteElo "2438"]
[BlackElo "2254"]
[TimeControl "180+1"]
[EndTime "10:29:04 PDT"]
[Termination "Azatic won on time"]

1. e4 e5 2. Nf3 Nc6 3. Bb5 a6 4.
Ba4 Nf6 5. O-O Be7 6. Re1 b5 7.
Bb3 d6 8. c3 O-O 9. d4 Bg4 10.
Be3 exd4 11. cxd4 d5 12. e5 Ne4 13. Nc3 Nxc3 14. bxc3 Qd7 15. Bc2 Bf5 16. Bg5 Bxc2 17. Qxc2 Nd8 18. h4 Ne6 19. g3 Rae8 20. Kg2 Bxg5 21.
hxg5 Nf4+ 22. gxf4 Qg4+ 23. Kf1 Qxf3 24. Qd2 f6 25.
gxf6 Rxf6 26. Re3 Qh1+ 27. Ke2 Qh5+ 28. Rf3 Rf5 29. Rg1 Ref8 30. Ke3 g6 31. Rgg3 c6 32. Kd3 Qh4 33. Kc2 Rxf4 34. Rxf4 Qxf4 35. Re3 Qxf2 36. Re2 Qf5+ 37. Kb2 1-0

[Event "*** SCC Grand Prix: Titled Tuesday Blitz"]
[Site "Chess.com"]
[Date "2020.06.02"]
[Round "3"]
[White "ega2006"]
[Black "marszach123"]
[Result "1-0"]
[WhiteElo "2381"]
[BlackElo "2150"]
[TimeControl "180+1"]
[EndTime "10:29:04 PDT"]
[Termination "ega2006 won on time"]

1. e4 c5 2. Nf3 d6 3. Bb5+ Nd7 4. d4 a6 5. Be2 Ngf6 6. Nc3 cxd4 7. Qxd4 e5 8. Qd1 Be7 9. O-O O-O 10. Bg5 h6 11. Bxf6 Nxf6 12. a4 Be6 13. a5 b5 14. axb6 Qxb6 15.
b3 Rfd8 16. Nd2 d5 17. exd5 Nxd5 18. Nxd5 Bxd5 19. Qc1 Bg5 20. Rd1 Bb7 21. Nc4 Qc6 22. Rxd8+ Rxd8 23. Qf1 Qc5 24. Ra5 Qb4 25. Rxe5 Bd5 26. Ne3 Bb7 27. Nc4 Bd5 28. Bd3 Bf4 29. Rf5 Bb8 30. Ne3 Be6 31. Rh5 Qf4 32. g3 Qf3 33.
Rh4 Be5 34. Qg2 Qf6 35. Ra4 Bc3 36. Rxa6 1-0

[Event "*** SCC Grand Prix: Titled Tuesday Blitz"]
[Site "Chess.com"]
[Date "2020.06.02"]
[Round "3"]
[White "OparinGrigoriy"]
[Black "DLR7"]
[Result "1-0"]
[WhiteElo "2911"]
[BlackElo "2656"]
[TimeControl "180+1"]
[EndTime "10:29:05 PDT"]
[Termination "OparinGrigoriy won on time"]

1. Nf3 c5 2. g3 Nc6 3. Bg2 d5 4. d4 Nf6 5. O-O e6 6. c4 cxd4 7. cxd5 Qxd5 8. Nxd4 Qc5 9. Nxc6 bxc6 10. Be3 Qb5 11. Nc3 Qb7 12. Bd4 Be7 13. Qa4 Bd7 14.
Rad1 O-O 15. Bxf6 Bxf6 16. Ne4 Be7 17. Qc2 Rfd8 18. b3 a5 19. Nc5 Bxc5 20. Qxc5 Be8 21. Rxd8 Rxd8 22. Qxa5 Ra8 23. Qd2 Qa6 24. a4 Qb6 25.
Qc3 Rb8 26. Rb1 c5 27. a5 Qb5 28. Rc1 Qxb3 29. Qxc5 Qa2 30. Bf3 g6 31. h4 h5 32. Qd6 Rb1 33. Rxb1 Qxb1+ 34. Kg2 Bb5 35. Qb8+ Kg7 36. a6 g5 37. hxg5 h4 38. gxh4 Qb4 39.
a7 Qxh4 40. Qe5+ Kg6 41. Qf6+ Kh7 42. Qxf7+ Kh8 43. a8=Q+ 1-0